 Dungeon Crawl Stone Soup version 0.31-a0-836-g3ceb0a68c4 (webtiles) character file.

Game seed: 4950324350619076769

3070313 freelancePsychic the Executioner (level 27, 203/203 HPs)
             Began as a Minotaur Conjurer on Sept 25, 2023.
             Was the Champion of Okawaru.
             Escaped with the Orb
             ... and 5 runes on Sept 26, 2023!
             The game lasted 02:03:59 (72833 turns).

freelancePsychic the Executioner (MiCj)            Turns: 72833, Time: 02:03:59

Health: 203/203    AC: 53    Str: 31      XL:     27
Magic:  32/32      EV: 20    Int:  8 (10) God:    Okawaru [******]
Gold:   7640       SH:  0    Dex: 21 (23) Spells: 27/28 levels left

rFire   + + .        R - +6 executioner's axe of the Median {speed, rElec rC+ Str+7 Dex-3}
rCold   + + +        (shield currently unavailable)
rNeg    . . .        T - +14 crystal plate armour {rC+}
rPois   +            S - +2 hat
rElec   +            Q - +1 cloak "Paklomn Gual" {rElec rPois Dex+2}
rCorr   .            Y - +0 pair of gloves {Str+3}
SInv    .            I - +2 pair of boots {Fly}
Will    ++...        g - amulet of regeneration Stlth
                     W - ring "Mois Hoan" {+Blink rF+ rC+ Int-2 Slay+3}
HPRegen 1.33/turn    x - ring of Urchasaux {Contam Fly rC+ Int-5 Dex+6}
MPRegen 0.23/turn

%: no passive effects
@: flying
A: horns 2, retaliatory headbutt, agile 1, clever 1, fire resistance 1, frail 2,
strong 1, inability to drink after injury 1
0: Orb of Zot
}: 5/15 runes: decaying, serpentine, slimy, silver, abyssal
a: Renounce Religion, Evoke Blink, Heroism, Finesse, Duel


You escaped.
You worshipped Okawaru.
Okawaru was exalted by your worship.
You visited 11 branches of the dungeon, and saw 55 of its levels.
You visited the Abyss 2 times.
You also visited: Bailey, Ice Cave, Volcano and Desolation.

You collected 9036 gold pieces.
You spent 1396 gold pieces at shops.

Inventory:

Hand Weapons
 R - the +6 executioner's axe of the Median (weapon) {speed, rElec rC+ Str+7 Dex-3}
   (Okawaru gifted it to you on level 5 of the Lair of Beasts)

   Str+7:     It affects your strength (+7).
   Dex-3:     It affects your dexterity (-3).
   rC+:       It protects you from cold.
   rElec:     It insulates you from electricity.
Missiles
 c - 15 javelins
 e - 35 boomerangs
 B - 10 throwing nets
 D - 9 curare-tipped darts
 L - 44 silver javelins (quivered)
Armour
 I - a +2 pair of boots of flying (worn)
 Q - the +1 cloak "Paklomn Gual" (worn) {rElec rPois Dex+2}
   (You bought it in a shop on level 2 of the Orcish Mines)

   Dex+2:     It affects your dexterity (+2).
   rElec:     It insulates you from electricity.
   rPois:     It protects you from poison
 S - a +2 hat (worn)
 T - a +14 crystal plate armour of cold resistance (worn)
 Y - a +0 pair of gloves of strength (worn)
Jewellery
 g - an amulet of regeneration (around neck)
 i - the ring "Eceesamp" {rCorr Str+6}
   (You found it on level 2 of the Lair of Beasts)

   [ring of strength]

   Str+6:     It affects your strength (+6).
   rCorr:     It protects you from acid and corrosion.
 j - the ring of Muatai {Fire Fly rElec Dex+5}
   (You found it on level 3 of the Elven Halls)

   [ring of fire]

   Fire:      It enhances your fire magic.
   Dex+5:     It affects your dexterity (+5).
   rF+:       It protects you from fire.
   rC-:       It makes you vulnerable to cold.
   rElec:     It insulates you from electricity.
   Fly:       It grants you flight.
 q - the amulet of Tacinn {RegenMP rN+}
   (You took it off a hobgoblin on level 3 of the Dungeon)

   [amulet of magic regeneration]

   RegenMP:   It increases your rate of magic regeneration.
   rN+:       It protects you from negative energy.
 x - the ring of Urchasaux (right hand) {Contam Fly rC+ Int-5 Dex+6}
   (You acquired it on level 5 of the Dungeon)

   [ring of protection from cold]

   Int-5:     It affects your intelligence (-5).
   Dex+6:     It affects your dexterity (+6).
   rC+:       It protects you from cold.
   Fly:       It grants you flight.
   Contam:    It causes magical contamination when unequipped.
 W - the ring "Mois Hoan" (left hand) {+Blink rF+ rC+ Int-2 Slay+3}
   (You found it on level 5 of the Pits of Slime)

   [ring of protection from cold]

   Int-2:     It affects your intelligence (-2).
   Slay+3:    It affects your accuracy & damage with ranged weapons and melee
   (+3).
   rF+:       It protects you from fire.
   rC+:       It protects you from cold.
   +Blink:    It lets you blink.
 Z - the ring "Datosu" {Fire rN+ Str+4 Int+2}
   (You found it on level 1 of the Lair of Beasts)

   [ring of fire]

   Fire:      It enhances your fire magic.
   Str+4:     It affects your strength (+4).
   Int+2:     It affects your intelligence (+2).
   rF+:       It protects you from fire.
   rC-:       It makes you vulnerable to cold.
   rN+:       It protects you from negative energy.
Talismans
 m - a talisman of death
Wands
 n - a wand of acid (29)
 s - a wand of mindburst (17)
 M - a wand of flame (104)
 O - a wand of digging (16)
 V - a wand of roots (55)
Scrolls
 h - 37 scrolls of identify {@r1}
 k - 21 scrolls of teleportation {@r4}
 t - 5 scrolls of revelation
 y - 10 scrolls of poison
 A - 5 scrolls of blinking
 C - 7 scrolls of immolation
 G - 6 scrolls of silence
 H - 4 scrolls of torment
 U - 10 scrolls of fog
 X - 3 scrolls of fear
Potions
 a - 7 potions of brilliance
 b - 8 potions of magic
 d - 5 potions of mutation
 f - a potion of invisibility
 l - 24 potions of curing {@q1}
 o - 3 potions of lignification
 r - 5 potions of resistance
 u - 4 potions of cancellation
 v - 2 potions of ambrosia
 z - 10 potions of might
 E - 9 potions of haste {@q3}
 K - 3 potions of berserk rage
 N - 5 potions of enlightenment
 P - 5 potions of heal wounds {@q2}
Miscellaneous
 p - a phial of floods
 w - a tin of tremorstones (2/2)
 J - a lightning rod (4/4)


   Skills:
 - Level 22.0 Fighting
 - Level 24.0 Axes
 - Level 18.3 Throwing
 - Level 22.0 Armour
 - Level 22.0 Dodging
 - Level 2.1 Stealth
 - Level 1.3 Spellcasting
 - Level 2.9 Conjurations
 - Level 14.0 Invocations
 - Level 3.5 Evocations
 + Level 21.4 Shapeshifting


You had 27 spell levels left.
You knew the following spells:

 Your Spells              Type           Power      Damage    Failure   Level
a - Magic Dart            Conj           20%        1d4       65%         1

Your spell library contained the following spells:

 Spells                   Type           Power      Damage    Failure   Level
 Searing Ray              Conj           10%        2d4       80%         2
 Foxfire                  Conj/Fire      8%         2x1d4     85%         1
 Kiss of Death            Conj/Necr      8%         2d6       85%         1
 Shock                    Conj/Air       8%         1d3       85%         1
 Momentum Strike          Conj/Tloc      4%         3d8       94%         2
 Static Discharge         Conj/Air       4%         2-3/arc   94%         2
 Apportation              Tloc           0%         N/A       96%         1
 Freeze                   Ice            0%         1d3       96%         1
 Necrotise                Necr           0%         1d4       96%         1
 Slow                     Hex            0%         N/A       96%         1
 Sting                    Tmut/Pois      0%         1d3       96%         1
 Blink                    Tloc           0%         N/A       99%         2
 Cigotuvi's Dreadful Rot  Necr/Pois/Air  0%         N/A       99%         2
 Jinxbite                 Hex            0%         N/A       99%         2
 Lesser Beckoning         Tloc           0%         N/A       99%         2
 Passwall                 Tmut/Erth      0%         N/A       99%         2
 Poisonous Vapours        Pois/Air       0%         N/A       99%         2
 Scorch                   Fire           0%         2d5       99%         2
 Dazzling Flash           Conj/Hex       4%         N/A       99%         3
 Hailstorm                Conj/Ice       2%         3d3       99%         3
 Mephitic Cloud           Conj/Pois/Air  2%         N/A       99%         3
 Stone Arrow              Conj/Erth      4%         3d7       99%         3
 Confusing Touch          Hex            0%         N/A       100%        3
 Frozen Ramparts          Ice            0%         1d1       100%        3
 Ignite Poison            Fire/Tmut/Pois 0%         N/A       100%        3
 Inner Flame              Hex/Fire       0%         N/A       100%        3
 Ozocubu's Armour         Ice            0%         N/A       100%        3
 Sigil of Binding         Hex            0%         N/A       100%        3
 Swiftness                Air            0%         N/A       100%        3
 Vampiric Draining        Necr           0%         2d6       100%        3
 Volatile Blastmotes      Fire/Tloc      0%         2d10      100%        3
 Airstrike                Air            0%         2d(0-16)  100%        4
 Anguish                  Hex/Necr       0%         N/A       100%        4
 Brom's Barrelling Bould  Conj/Erth      2%         2d3       100%        4
 Cause Fear               Hex            0%         N/A       100%        4
 Dimensional Bullseye     Hex/Tloc       0%         N/A       100%        4
 Dispel Undead            Necr           0%         3d6       100%        4
 Flame Wave               Conj/Fire      2%         2d4       100%        4
 Fulminant Prism          Conj/Hex       1%         3d5       100%        4
 Iskenderun's Mystic Bla  Conj/Tloc      2%         2d3       100%        4
 Leda's Liquefaction      Hex/Erth       0%         N/A       100%        4
 Manifold Assault         Tloc           0%         N/A       100%        4
 Olgreb's Toxic Radiance  Pois           0%         N/A       100%        4
 Passage of Golubria      Tloc           0%         N/A       100%        4
 Sticky Flame             Conj/Fire      2%         2d3       100%        4
 Vhi's Electric Charge    Tloc/Air       0%         N/A       100%        4
 Agony                    Necr           0%         N/A       100%        5
 Alistair's Intoxication  Tmut/Pois      0%         N/A       100%        5
 Arcjolt                  Conj/Air       1%         1d11      100%        5
 Borgnjor's Vile Clutch   Necr/Erth      0%         N/A       100%        5
 Fireball                 Conj/Fire      1%         3d3       100%        5
 Iskenderun's Battlesphe  Conj           5%         2d6       100%        5
 Lee's Rapid Deconstruct  Erth           0%         3d4*      100%        5
 Yara's Violent Unravell  Hex/Tmut       0%         3d3       100%        5
 Bombard                  Conj/Erth      1%         9d1       100%        6
 Conjure Ball Lightning   Conj/Air       1%         3x3d6     100%        6
 Plasma Beam              Fire/Air       0%         2x1d10    100%        6
 Starburst                Conj/Fire      1%         6d3       100%        6
 Enfeeble                 Hex            0%         N/A       100%        7
 Orb of Destruction       Conj           2%         9d5       100%        7
 Ozocubu's Refrigeration  Ice            0%         4d7       100%        7
 Borgnjor's Revivificati  Necr           0%         N/A       100%        8
 Discord                  Hex            0%         N/A       100%        8
 Ignition                 Fire           0%         3d3       100%        8
 Lehudib's Crystal Spear  Conj/Erth      1%         10d2      100%        8
 Maxwell's Capacitive Co  Air            0%         ∞         100%        8
 Chain Lightning          Conj/Air       1%         3d1       100%        9
 Death's Door             Necr           0%         N/A       100%        9
 Polar Vortex             Ice            0%         N/A       100%        9
 Shatter                  Erth           0%         3d5*      100%        9
 Call Imp                 Summ           Unusable   N/A       N/A         2
 Call Canine Familiar     Summ           Unusable   N/A       N/A         3
 Tukima's Dance           Hex            Unusable   N/A       N/A         3
 Animate Armour           Summ/Erth      Unusable   N/A       N/A         4
 Animate Dead             Necr           Unusable   N/A       N/A         4
 Summon Lightning Spire   Summ/Air       Unusable   N/A       N/A         4
 Death Channel            Necr           Unusable   N/A       N/A         6
 Simulacrum               Ice/Necr       Unusable   N/A       N/A         6
 Summon Cactus Giant      Summ           Unusable   N/A       N/A         6
 Haunt                    Necr/Summ      Unusable   N/A       N/A         7
 Spellforged Servitor     Conj/Summ      Unusable   N/A       N/A         7
 Dragon's Call            Summ           Unusable   N/A       N/A         9

Dungeon Overview and Level Annotations

Branches:
Dungeon (15/15)            Temple (0/1) D:7            Lair (5/5) D:8
  Swamp (4/4) Lair:2        Snake (4/4) Lair:2        Slime (5/5) Lair:5
    Orc (2/2) D:9             Elf (3/3) Orc:2        Vaults (5/5) D:13
  Crypt (3/3) Vaults:2       Tomb (0/3) Crypt:3      Depths (4/4) D:15
    Zot (5/5) Depths:4     Bailey (visited)           IceCv (visited)
Volcano (visited)         Desolation (visited)

Altars:
Dithmenos
Elyvilon
Fedhas
Hepliaklqana
Kikubaaqudgha
Nemelex Xobeh
Okawaru
Ru
Trog
Vehumet
Wu Jian
Yredelemnul
Zin
Jiyva
Lugonu

Shops:
D:5 *   D:9 (   Orc:2 [*=(   Elf:3 [   Snake:4 (*:==   Vaults:2 *

Portals:
Hell: Depths:1 Depths:2 Depths:3 Depths:4
Abyss: Zot:4 Depths:3 Depths:4
Pandemonium: Depths:1 Depths:2
Ziggurat: Depths:2

Annotations:
D:1 2 transporters
D:2 exclusion: endoplasm, Sigmund
D:10 1 runed translucent door
Swamp:3 Roxanne
Snake:2 2 transporters, exclusion: orange crystal statue
Snake:4 2 transporters
Elf:2 3 runed translucent doors
Depths:4 1 transporter
Zot:1 1 runed translucent door, Deah Kuhairgh's ghost, legendary GnIE


Innate Abilities, Weirdness & Mutations

You have a pair of horns on your head.
You reflexively headbutt those who attack you in melee.
You are agile. (Dex +4, Str/Int -1)
Your mind is acute. (Int +4, Str/Dex -1)
Your flesh is heat resistant. (rF+)
You are very frail. (-20% HP)
Your muscles are strong. (Str +4, Int/Dex -1)
You occasionally lose the ability to drink potions when taking damage.


Message History

There is a stone staircase leading down here.
There is a stone staircase leading up here.
You see here an amulet of magic regeneration.
You fly upwards.
There is a stone staircase leading down here.
There is a stone staircase leading up here.
You fly upwards.
There is a stone staircase leading down here.
There is a stone staircase leading up here.
You fly upwards.
There is a stone staircase leading down here.
There is a stone staircase leading up here.
You fly upwards.
Level annotation: exclusion: endoplasm, Sigmund
There is a stone staircase leading down here.
There is a stone staircase leading up here.
You fly upwards.
Level annotation: 2 transporters
There is a stone staircase leading down here.
An Ice Fiend comes into view.
A red devil comes into view. It is wielding a +0 trident.
Unknown command.
Unknown command.
Unknown command.
Unknown command.
Unknown command.
Unknown command.
Unknown command.
Unknown command.
Unknown command.
Unknown command.
Unknown command.
Unknown command.
Unknown command.
Blink to where?
Press: ? - help, Dir - move target
As you read the scroll of blinking, it crumbles to dust.
The red devil moves out of view.
There is a staircase leading out of the dungeon here.
You have escaped!

#####.# ##.## #............#
#.####...######.####..####.#
#..................#..## #.#
#.####..~~≈.~~~≈##.#...###.#
#####.## ##~≈≈≈≈(≈≈≈~#.#..#.##†##
.......###~≈≈≈≈≈≈.≈≈≈....###.....
###.......≈≈≈≈~~.~~≈≈#.#..#......
#.#..###~≈≈~~...~≈≈#.....###.##
###.#....≈≈≈≈~.©@©.~≈...#..# #.##
....#....≈≈≈≈≈~.⌠[~~≈##....###.##
...###.##~≈≈≈≈≈~~~≈≈≈###....##.##
##.# #.#≈≈≈≈≈≈≈≈≈≈≈≈≈..........##
#.# #.#≈≈~~~~~≈≈≈≈~.###.....####
#.# #..≈~~.⌠.~≈≈≈≈≈....[........
##.###..≈~.©>©.~≈≈≈~###.##...####
#...###.≈≈~...~~≈≈≈## #.###.##
..#..###≈≈≈~.~~≈≈≈≈# #.##...####


There were no monsters in sight!

Vanquished Creatures
  the Royal Jelly (Slime:5)
  A pandemonium lord (D:15)
  6 dread liches
  6 orbs of fire (Zot:5)
  5 ancient liches
  Mara (Vaults:4)
  A juggernaut (Depths:4)
  Sojobo (Arena)
  Parghit (Zot:3)
  Bai Suzhen (Snake:4)
  4 curse toes
  4 Killer Klowns (Zot:5)
  Saint Roka (Arena)
  Vashnia (Snake:2)
  9 golden dragons
  Nikola (Swamp:2)
  Jory (Vaults:3)
  3 bone dragons
  A doom hound (Depths:2)
  2 hellephants (Depths:2)
  8 tentacled monstrosities
  2 electric golems (Zot:5)
  2 Ice Fiends
  A lich (D:10)
  2 shard shrike skeletons
  28 Orb Guardians
  Asterion (Snake:2)
  5 quicksilver dragons
  4 deep elf master archers
  8 sphinxes
  4 titans
  2 Executioners
  3 deep elf blademasters (Elf:3)
  An ancient champion (Crypt:2)
  15 acid blobs
  A thorn hunter (Swamp:4)
  13 storm dragons
  A tentacled starspawn (Abyss:3)
  12 death cobs
  Donald (Snake:1)
  Aizul (Snake:1)
  7 shadow dragons
  3 revenants
  3 draconian monks
  9 azure jellies
  2 fenstrider witches (Swamp:4)
  3 draconian knights
  6 tengu reavers
  13 fire giants
  6 nagarajas
  An iron dragon (Depths:2)
  8 frost giants
  9 draconian scorchers
  12 deep elf sorcerers
  An imperial myrmidon (Desolation)
  8 rockslimes
  15 vault wardens
  Louise (D:14)
  4 spectral caustic shrikes (Depths:3)
  2 ghost moths
  3 draconian shifters (Zot:5)
  5 curse skulls
  6 ghouls
  4 deep elf elementalists
  A draconian stormcaller (Zot:4)
  2 spriggan defenders
  5 draconian annihilators
  A reaper (IceCv)
  8 war gargoyles
  2 orc warlords
  18 very ugly things
  2 caustic shrike skeletons
  4 quicksilver oozes (Slime:5)
  6 ironbound thunderhulks
  2 juggernaut skeletons (Crypt:1)
  3 cacodemons (Abyss:3)
  22 stone giants
  6 formless jellyfish
  A hydra skeleton (Swamp:4)
  4 deep elf demonologists
  9 ironbound preservers
  7 vampire knights
  2 lorocyprocas
  13 green draconians
  6 black draconians
  3 halazid warlocks (Desolation)
  7 deep elf annihilators
  10 spark wasps
  7 dire elephants
  5 eleionomae
  6 red draconians
  11 purple draconians
  6 bunyips
  5 white draconians
  2 yellow draconians
  A blizzard demon (Depths:1)
  2 eidola
  5 shambling mangroves (Swamp:4)
  7 ettins
  7 deep elf death magi
  4 jiangshi
  6 ragged hierophants (Desolation)
  3 crystal guardians
  6 fire dragons
  18 yaktaur captains
  4 deep elf high priests
  6 entropy weavers
  3 salamander tyrants (Snake:4)
  Fannar (Orc:1)
  25 vault guards (Vaults:5)
  5 rakshasas
  15 hydras
  3 ogre magi
  4 great orbs of eyes
  11 ice dragons
  A hell beast (Depths:1)
  5 servants of whispers (Desolation)
  9 peacekeepers
  8 alligators
  21 centaur warriors
  4 spriggan air magi
  3 ironbound frosthearts
  2 boulder beetles
  2 fenstrider witch skeletons (Crypt:1)
  2 ghost crabs (Swamp:2)
  A two-headed ogre (shapeshifter) (Depths:1)
  An anaconda (shapeshifter) (Vaults:5)
  11 anacondas
  A catoblepas (D:14)
  14 two-headed ogres
  2 death knights
  8 deep troll shamans
  8 tengu warriors
  11 naga warriors
  11 dancing weapons
  7 vampire magi
  A thrashing horror (Abyss:3)
  5 deep troll earth magi
  4 orc high priests
  A shock serpent (shapeshifter) (Elf:2)
  16 naga sharpshooters
  3 soul eaters
  2 sun demons
  13 deep elf knights
  12 spriggan berserkers
  18 hell knights
  Sonja (Lair:2)
  4 shock serpents
  5 wretched stars (Abyss:3)
  5 salamander mystics
  38 skeletal warriors
  4 shadow wraiths
  A spark wasp zombie (Crypt:2)
  2 skysharks
  A storm dragon skeleton (Crypt:1)
  2 goliath frogs
  The ghost of olddryhag the Trooper, a novice DsGl (D:10)
  4 iron trolls
  Nergalle (Lair:2)
  31 deep trolls
  A golden dragon zombie (Depths:1)
  An obsidian statue (Depths:1)
  A shadow demon (Depths:2)
  6 swamp dragons
  A death drake (Abyss:3)
  10 flayed ghosts
  8 glowing orange brains
  9 spriggan druids
  14 deep elf archers
  An orange crystal statue (Lair:2)
  4 spectral hydras (Swamp:4)
  The ghost of gribnar the Martial Artist, a novice OpSh of the Shining One (D:7)
  28 deep elf pyromancers
  A bunyip skeleton (Crypt:3)
  10 wizards
  22 phantasmal warriors
  9 orc knights
  18 ironbound convokers
  8 lindwurms
  7 naga ritualists
  5 bog bodies
  6 necromancers
  An anaconda skeleton (Crypt:1)
  16 ugly things
  12 harpies
  5 cyclopes
  7 orc sorcerers
  2 golden dragon skeletons (Crypt:1)
  2 salamanders (Snake:4)
  8 shining eyes
  11 mana vipers
  26 deep elf zephyrmancers
  2 wolf spiders (Lair:5)
  A worldbinder (Abyss:3)
  3 oklob plants (Swamp:4)
  3 manticores
  A jorogumo skeleton (Crypt:2)
  12 moths of wrath
  9 will-o-the-wisps
  A shadow dragon skeleton (Depths:1)
  14 vault sentinels
  19 elephants
  An elephant (shapeshifter) (Elf:1)
  2 ice statues (IceCv)
  3 rust devils
  10 guardian serpents
  A guardian serpent (shapeshifter) (Vaults:5)
  3 orange demons
  A water nymph (shapeshifter) (Depths:2)
  An eye of devastation (Slime:4)
  A smoke demon (Abyss:3)
  4 molten gargoyles
  6 torpor snails (Lair:5)
  44 black mambas
  An unseen horror (shapeshifter) (Depths:2)
  4 gargoyles (Crypt:3)
  9 cane toads
  13 naga magi
  A centaur skeleton (Crypt:3)
  2 kobold demonologists
  6 komodo dragons
  32 yaktaurs
  A sea snake zombie (Crypt:1)
  2 human zombies (Vaults:3)
  3 efreet
  A tormentor (Depths:1)
  3 guardian mummies (Crypt:3)
  3 rime drakes
  2 freezing wraiths (Crypt:2)
  An anaconda simulacrum (IceCv)
  Maggie (D:9)
  7 ice devils
  5 tengu conjurers
  2 human skeletons
  A polar bear (Lair:3)
  8 tyrant leeches
  3 hellwings (Depths:1)
  A merfolk (shapeshifter) (Vaults:5)
  A hydra zombie (Swamp:4)
  36 hornets
  A meliai (shapeshifter) (Vaults:5)
  9 red devils
  6 meliai
  14 trolls
  A death drake zombie (Swamp:4)
  45 saltlings (Desolation)
  2 harpy skeletons
  A spriggan zombie (Depths:1)
  An elf zombie (Vaults:3)
  33 blink frogs
  25 large abominations
  79 slime creatures
  5 air elementals
  25 spriggans
  A satyr skeleton (Crypt:2)
  9 shadows
  14 wyverns
  10 flying skulls
  8 vampires
  4 ynoxinuls
  6 water elementals
  15 wraiths
  2 fire elementals
  A slime creature zombie (Crypt:1)
  A black mamba skeleton (Crypt:1)
  61 yaks
  10 golden eyes
  3 steam dragons
  6 basilisks
  A golden eye (shapeshifter) (Abyss:3)
  6 redbacks
  Grum (D:8)
  6 vampire mosquitoes
  5 neqoxecs
  A steam dragon (shapeshifter) (D:15)
  2 acid dragons
  15 small abominations (Abyss:3)
  2 chaos spawn
  44 nagas
  A warg (Orc:1)
  16 swamp worms
  2 harpy simulacra (IceCv)
  4 hydra simulacra
  24 water moccasins
  A deep troll skeleton (Crypt:2)
  9 swamp drakes
  A water nymph skeleton (Crypt:1)
  A naga skeleton (Crypt:3)
  2 swamp dragon zombies (Swamp:4)
  4 sky beasts
  36 orc warriors
  A snapping turtle zombie (Crypt:2)
  2 black bears (shapeshifter)
  A hornet zombie (Crypt:1)
  14 ogres
  42 wolves
  4 boggarts (Vaults:3)
  A hog zombie (Crypt:2)
  8 centaurs
  2 swamp dragon skeletons (Swamp:4)
  A phantom (D:6)
  A kobold brigand (D:7)
  2 necrophages (Crypt:2)
  11 gnoll sergeants
  15 bullfrogs
  2 earth elementals (Elf:2)
  An elf skeleton (Crypt:2)
  A scorpion (D:5)
  2 two-headed ogre simulacra (IceCv)
  A hornet simulacrum (D:10)
  8 wights
  A raiju zombie (Crypt:1)
  2 elephant simulacra (IceCv)
  A raiju skeleton (Crypt:2)
  3 electric eels
  10 howler monkeys
  2 lava snakes (Volcano)
  A quasit (Abyss:3)
  7 hounds
  16 orc priests
  8 gnoll boudas (Bailey)
  15 starcursed masses (Abyss:3)
  3 jellies
  3 iron imps (Abyss:3)
  3 sleepcaps
  4 iguanas
  Natasha (D:2)
  9 orc wizards
  8 spriggan simulacra
  3 troll simulacra
  2 wolf simulacra (IceCv)
  A killer bee zombie (Crypt:1)
  An ogre zombie (Crypt:2)
  A centaur simulacrum (D:7)
  9 mummies (Crypt:3)
  2 howler monkey zombies
  5 adders
  A howler monkey skeleton (D:7)
  30 gnolls
  5 naga simulacra
  A swamp drake zombie (Crypt:1)
  3 shadow imps
  5 white imps
  A howler monkey simulacrum (D:7)
  An ufetubus (D:14)
  5 worms
  3 dart slugs
  60 orcs
  2 bats (D:1)
  A bat skeleton (Crypt:1)
  5 endoplasms
  3 giant cockroaches
  11 goblins
  10 hobgoblins
  7 quokkas
  6 ball pythons
  A ball python zombie (Crypt:2)
  3 frilled lizards
  7 kobolds
  5 rats
  A rat skeleton (Crypt:2)
  A lurking horror (Zot:4)
  3 spectral weapons
  A starspawn tentacle (Abyss:3)
2483 creatures vanquished.

Vanquished Creatures (others)
  A deep elf blademaster (Depths:2)
  A fire giant (Depths:1)
  A vampire knight (Depths:3)
  A spriggan (Swamp:2)
  A hornet (Swamp:2)
  4 slime creatures (D:15)
  A vampire (D:13)
  An orc (Orc:2)
  22 foxfires
  A starspawn tentacle (Abyss:3)
34 creatures vanquished.

Grand Total: 2517 creatures vanquished

Notes
Turn   | Place    | Note
-------+----------+-------------------------------------------
     0 | D:1      | freelancePsychic the Minotaur Conjurer began the quest for
                  | the Orb.
     0 | D:1      | Reached XP level 1. HP: 14/14 MP: 1/1
   158 | D:1      | Reached skill level 1 in Fighting
   314 | D:1      | Reached XP level 2. HP: 23/23 MP: 3/3
  1001 | D:1      | Identified a scroll of acquirement
  1002 | D:1      | Acquired a +3 war axe of electrocution
  1239 | D:2      | Reached skill level 1 in Axes
  1239 | D:2      | Reached XP level 3. HP: 29/29 MP: 0/4
  1249 | D:2      | Reached skill level 1 in Throwing
  1298 | D:2      | Reached skill level 2 in Axes
  1447 | D:2      | Reached XP level 4. HP: 15/37 MP: 5/5
  1752 | D:2      | Noticed Natasha
  1760 | D:2      | Killed Natasha
  1849 | D:2      | Noticed Sigmund
  2546 | D:3      | Reached skill level 3 in Axes
  2712 | D:3      | Reached XP level 5. HP: 38/44 MP: 6/6
  3035 | D:3      | Identified the amulet of Tacinn {RegenMP rN+}
  3468 | D:4      | Reached skill level 4 in Axes
  3916 | D:4      | Found a white marble altar of Elyvilon.
  3934 | D:4      | Reached XP level 6. HP: 44/51 MP: 7/7
  4573 | D:5      | Entered Level 5 of the Dungeon
  4630 | D:5      | Found an ornate altar of the Wu Jian Council.
  4675 | D:5      | Found Heulydeg's Mass Market.
  4679 | D:5      | Reached skill level 5 in Axes
  4913 | D:5      | Reached XP level 7. HP: 25/60 MP: 8/8
  5303 | D:5      | Reached skill level 6 in Axes
  5447 | D:5      | Found an iron altar of Okawaru.
  5590 | D:5      | Became a worshipper of Warmaster Okawaru
  5724 | D:5      | Reached skill level 5 in Fighting
  5931 | D:5      | Acquired the ring of Urchasaux {Contam Fly rC+ Int-5 Dex+6}
  6054 | D:6      | Reached skill level 1 in Invocations
  6220 | D:6      | Reached skill level 7 in Axes
  6252 | D:6      | Reached * piety under Okawaru
  6257 | D:6      | Reached XP level 8. HP: 60/68 MP: 9/9
  6326 | D:6      | Found a bloodstained altar of Trog.
  6326 | D:6      | Found an ancient bone altar of Kikubaaqudgha.
  6326 | D:6      | Found a sacrificial altar of Ru.
  7191 | D:7      | Reached skill level 8 in Axes
  7237 | D:7      | Identified the +1 robe of Ivveis {Fly rN+++ Int-2 Slay+2}
  7615 | D:7      | Found a staircase to the Ecumenical Temple.
  7759 | D:7      | Found a runed translucent gate.
  7759 | D:7      | Found a runed translucent gate.
  7759 | D:7      | Found a runed translucent gate.
  7765 | D:7      | Reached ** piety under Okawaru
  7766 | D:7      | Reached skill level 5 in Throwing
  7784 | D:7      | Noticed gribnar's ghost (novice OpSh)
  7837 | D:7      | Reached skill level 9 in Axes
  7842 | D:7      | Reached XP level 9. HP: 68/78 MP: 10/10
  8243 | D:7      | Killed gribnar's ghost
  8297 | D:8      | Noticed a cyclops
  8304 | D:8      | Reached skill level 10 in Axes
  8432 | D:8      | Killed a cyclops
  8440 | D:8      | Reached *** piety under Okawaru
  8687 | D:8      | Noticed Grum
  8700 | D:8      | Gained mutation: Armour fits poorly on your strangely
                  | shaped body. [potion of mutation]
  8700 | D:8      | Gained mutation: Your flesh is cold resistant. (rC+)
                  | [potion of mutation]
  8700 | D:8      | Gained mutation: You are partially covered in large bone
                  | plates. (SH +4) [potion of mutation]
  8700 | D:8      | Gained mutation: Your muscles are strong. (Str +4, Int/Dex
                  | -1) [potion of mutation]
  8704 | D:8      | Killed Grum
  8705 | D:8      | Reached skill level 5 in Invocations
  8942 | D:8      | Lost mutation: Your flesh is cold resistant. (rC+) [potion
                  | of mutation]
  8942 | D:8      | Lost mutation: Armour fits poorly on your strangely shaped
                  | body. [potion of mutation]
  8942 | D:8      | Gained mutation: You have sharp toenails. [potion of
                  | mutation]
  8942 | D:8      | Gained mutation: Your spells are a little harder to cast,
                  | but a little more powerful. [potion of mutation]
  8942 | D:8      | Gained mutation: Your flesh is heat resistant. (rF+)
                  | [potion of mutation]
  8949 | D:8      | Reached skill level 11 in Axes
  9038 | D:8      | Reached XP level 10. HP: 58/88 MP: 12/12
  9423 | D:8      | Noticed a two-headed ogre
  9425 | D:8      | Killed a two-headed ogre
  9425 | D:8      | Reached **** piety under Okawaru
  9428 | D:8      | Paralysed by a hornet for 3 turns
  9428 | D:8      | Noticed a centaur warrior
  9432 | D:8      | Noticed a two-headed ogre
  9676 | D:8      | Found a staircase to the Lair.
  9809 | D:8      | Found a radiant altar of Vehumet.
  9876 | D:8      | Noticed a two-headed ogre
 10074 | D:8      | Killed a two-headed ogre
 10075 | D:8      | Reached skill level 12 in Axes
 10303 | D:8      | Killed a centaur warrior
 10303 | D:8      | Reached ***** piety under Okawaru
 10304 | D:8      | Reached skill level 5 in Dodging
 10434 | D:9      | Noticed Maggie
 10473 | D:8      | Killed a two-headed ogre
 10473 | D:8      | Received a gift from Okawaru
 10506 | D:9      | Noticed a centaur warrior
 10506 | D:9      | Found a hazy altar of Hepliaklqana.
 10518 | D:9      | Killed a centaur warrior
 10519 | D:9      | Reached skill level 13 in Axes
 10519 | D:9      | Reached XP level 11. HP: 46/97 MP: 14/14
 10565 | D:9      | Found a staircase to the Orcish Mines.
 10565 | D:9      | Found Ufit's Weapon Boutique.
 10588 | D:9      | Bought 4 boomerangs for 88 gold pieces
 10597 | D:9      | Found a flagged portal.
 10608 | Bailey   | Entered a bailey
 11930 | Bailey   | Got an odd book
 12247 | D:9      | Killed Maggie
 12254 | D:9      | Reached skill level 10 in Fighting
 12599 | D:9      | Found a sparkling altar of Nemelex Xobeh.
 13159 | D:10     | Entered Level 10 of the Dungeon
 13175 | D:10     | Reached skill level 14 in Axes
 13747 | D:10     | Found a runed translucent door.
 13747 | D:10     | Noticed a skeletal warrior
 13747 | D:10     | Noticed a sphinx
 13749 | D:10     | Noticed a flayed ghost
 13750 | D:10     | Found a runed translucent door.
 13751 | D:10     | Noticed a lich
 13751 | D:10     | Noticed a necromancer
 13753 | D:10     | Noticed olddryhag's ghost (novice DsGl)
 14293 | D:11     | You are sucked into a shaft and drop 2 floors!
 14844 | D:11     | Found a frozen archway.
 14859 | IceCv    | Entered an ice cave
 15362 | IceCv    | Reached XP level 12. HP: 95/108 MP: 17/17
 15451 | IceCv    | Reached skill level 5 in Armour
 15688 | IceCv    | Noticed a reaper
 15700 | IceCv    | Killed a reaper
 15701 | IceCv    | Reached skill level 15 in Axes
 16476 | D:11     | Noticed a two-headed ogre
 16486 | D:11     | Killed a two-headed ogre
 16587 | D:11     | Noticed a seven-headed hydra
 16589 | D:11     | Received a gift from Okawaru
 16594 | D:11     | Noticed a seven-headed hydra
 16600 | D:11     | Killed an eight-headed hydra
 16606 | D:11     | Killed a seven-headed hydra
 16691 | D:11     | Reached skill level 16 in Axes
 16903 | D:11     | Identified the +6 dire flail "Mabroih" {drain, rC+ Dex+3}
 17000 | D:11     | Identified the +6 chain mail of Ujinuimi {-Tele Rampage
                  | rF+}
 17090 | Lair:1   | Entered Level 1 of the Lair of Beasts
 17138 | Lair:1   | Noticed a five-headed hydra
 17151 | Lair:1   | Killed a six-headed hydra
 17192 | Lair:1   | Received a gift from Okawaru
 17367 | Lair:1   | Identified the ring "Datosu" {Fire rN+ Str+4 Int+2}
 17376 | Lair:1   | Found a dark tunnel.
 17384 | Volcano  | Entered a volcano
 17591 | Volcano  | Found a burning altar of Makhleb.
 17591 | Volcano  | Noticed a two-headed ogre
 17591 | Volcano  | Noticed a two-headed ogre
 17591 | Volcano  | Noticed an ogre mage
 17591 | Volcano  | Noticed a two-headed ogre
 17598 | Volcano  | Killed a two-headed ogre
 17601 | Volcano  | Killed a two-headed ogre
 17602 | Volcano  | Reached XP level 13. HP: 117/118 MP: 12/18
 17607 | Volcano  | Paralysed by something for 3 turns
 17982 | Lair:1   | Reached skill level 17 in Axes
 18474 | Lair:2   | Received a gift from Okawaru
 18664 | Lair:2   | Found a staircase to the Swamp.
 18786 | Lair:2   | Found a staircase to the Snake Pit.
 18786 | Lair:2   | Noticed Nergalle
 18801 | Lair:2   | Killed Nergalle
 19240 | Lair:2   | Noticed Sonja
 19244 | Lair:2   | Killed Sonja
 19244 | Lair:2   | Reached ****** piety under Okawaru
 19759 | Lair:2   | Received a gift from Okawaru
 19766 | Lair:2   | Identified the ring "Eceesamp" {rCorr Str+6}
 19773 | Lair:2   | Identified the +8 shortbow of Bloody Death {speed, rPois
                  | rC+}
 20246 | Lair:3   | Reached skill level 18 in Axes
 20381 | Lair:3   | Identified the +6 hand axe of Utox {venom, +Blink Str+6
                  | Int-4}
 20434 | Lair:3   | Received a gift from Okawaru
 20594 | Arena    | Entered the Arena
 20612 | Lair:3   | Reached XP level 14. HP: 30/129 MP: 19/19
 21602 | Lair:4   | Received a gift from Okawaru
 22038 | Lair:5   | Entered Level 5 of the Lair of Beasts
 22090 | Lair:4   | Reached skill level 19 in Axes
 22698 | Lair:5   | Received a gift from Okawaru
 23102 | Lair:5   | Found a runed translucent door.
 23230 | Lair:5   | Reached skill level 20 in Axes
 23233 | Lair:5   | Reached skill level 10 in Invocations
 23573 | Lair:5   | Received a gift from Okawaru
 23585 | Lair:5   | Acquired the +6 executioner's axe of the Median {speed,
                  | rElec rC+ Str+7 Dex-3}
 23585 | Lair:5   | Received a gift from Okawaru
 23686 | Lair:5   | Acquired a +0 cloak of preservation
 23686 | Lair:5   | Received a gift from Okawaru
 23787 | Lair:5   | Found a viscous altar of Jiyva.
 23788 | Lair:5   | Found a staircase to the Slime Pits.
 24044 | Lair:5   | Reached XP level 15. HP: 136/136 MP: 22/22
 24990 | D:12     | Received a gift from Okawaru
 25040 | D:12     | Found Zin's Purification Station.
 25043 | D:12     | Found a glowing silver altar of Zin.
 25046 | D:12     | Bought a potion of curing for 90 gold pieces
 25702 | Orc:1    | Entered Level 1 of the Orcish Mines
 25808 | Orc:1    | Noticed Fannar
 25820 | Orc:1    | Killed Fannar
 26084 | Orc:2    | Entered Level 2 of the Orcish Mines
 26215 | Orc:2    | Found Muwor's Antique Weapon Shoppe.
 26318 | Orc:2    | Found Igigom's Jewellery Shop.
 26327 | Orc:2    | Reached skill level 21 in Axes
 26665 | Orc:2    | Found Votog's Antique Armour Boutique.
 27002 | Orc:2    | Bought a smoking cloak for 237 gold pieces
 27002 | Orc:2    | Identified the +1 cloak "Paklomn Gual" {rElec rPois Dex+2}
                  | (You bought it in a shop on level 2 of the Orcish Mines)
 27002 | Orc:2    | Bought a pair of glowing gloves for 187 gold pieces
 27041 | Orc:2    | Found Sywn's General Store.
 27049 | Orc:2    | Bought a scroll of enchant armour for 112 gold pieces
 27049 | Orc:2    | Bought a scroll of enchant armour for 112 gold pieces
 27122 | Orc:2    | Found a staircase to the Elven Halls.
 27524 | D:13     | Received a gift from Okawaru
 27616 | D:13     | Reached skill level 22 in Axes
 27824 | D:13     | Found a gate to the Vaults.
 27901 | D:13     | Got an innocuous book
 28902 | D:14     | Received a gift from Okawaru
 29437 | D:14     | Noticed Louise
 29471 | Abyss:3  | Cast into level 3 of the Abyss (Louise)
 29657 | Abyss:3  | Noticed a bone dragon
 29675 | Abyss:3  | Killed a bone dragon
 29676 | Abyss:3  | Reached skill level 23 in Axes
 29711 | Abyss:3  | Noticed a tentacled starspawn
 29718 | Abyss:3  | Killed a tentacled starspawn
 29837 | Abyss:3  | Received a gift from Okawaru
 29839 | D:14     | Escaped the Abyss
 29852 | D:14     | Killed Louise
 29853 | D:14     | Reached XP level 16. HP: 64/144 MP: 22/24
 30151 | D:15     | Entered Level 15 of the Dungeon
 30307 | D:15     | Found a shadowy altar of Dithmenos.
 30668 | D:15     | Reached skill level 24 in Axes
 30722 | D:15     | Found a staircase to the Depths.
 30764 | D:15     | Received a gift from Okawaru
 30765 | D:15     | Reached skill level 10 in Armour
 31580 | Snake:1  | Entered Level 1 of the Snake Pit
 31580 | Snake:1  | Noticed Donald
 31583 | Snake:1  | Killed Donald
 31694 | Snake:1  | Noticed Aizul
 31715 | Snake:1  | Killed Aizul
 31850 | Snake:1  | Identified the +0 scale mail of Articulation {Str-3 Int+4}
 32746 | Snake:2  | Found a transporter.
 32782 | Snake:2  | Found a transporter.
 32864 | Snake:2  | Received a gift from Okawaru
 33123 | Snake:2  | Reached skill level 10 in Throwing
 33382 | Snake:2  | Noticed Vashnia
 33437 | Snake:2  | Reached skill level 15 in Fighting
 33453 | Snake:2  | Killed Vashnia
 33797 | Snake:2  | Received a gift from Okawaru
 34055 | Snake:2  | Found a runed translucent door.
 34181 | Snake:2  | Reached skill level 1 in Evocations
 34904 | Snake:3  | Noticed Asterion
 34918 | Snake:2  | Killed Asterion
 34919 | Snake:2  | Reached XP level 17. HP: 101/156 MP: 25/25
 35249 | Snake:3  | Received a gift from Okawaru
 35298 | Snake:3  | Noticed Saint Roka
 35300 | Arena    | Entered the Arena
 35311 | Arena    | Killed Saint Roka
 36142 | Snake:4  | Entered Level 4 of the Snake Pit
 36453 | Swamp:1  | Entered Level 1 of the Swamp
 36500 | Swamp:1  | Received a gift from Okawaru
 37010 | Swamp:1  | Identified the ring of Riuluxes {Ice Str+3}
 37324 | Swamp:2  | Noticed Nikola
 37324 | Swamp:2  | Noticed a tentacled monstrosity
 37335 | Swamp:2  | Killed a tentacled monstrosity
 37345 | Swamp:2  | Killed Nikola
 37557 | Swamp:1  | Received a gift from Okawaru
 37683 | Swamp:1  | Identified the +7 morningstar of Perat {flame, Fly rElec
                  | SInv}
 38618 | Swamp:3  | Noticed Roxanne
 39200 | Swamp:3  | Reached XP level 18. HP: 124/171 MP: 26/26
 39343 | Swamp:4  | Entered Level 4 of the Swamp
 39777 | Swamp:4  | Received a gift from Okawaru
 40286 | Swamp:4  | Received a gift from Okawaru
 40287 | Swamp:4  | Found a blossoming altar of Fedhas.
 40306 | Swamp:4  | Paralysed by a hornet for 1 turns
 40859 | Swamp:4  | Got a decaying rune of Zot
 40878 | Swamp:4  | Found a basalt altar of Yredelemnul.
 41604 | Snake:4  | Received a gift from Okawaru
 42312 | Snake:4  | Found a transporter.
 42505 | Snake:4  | Found a transporter.
 42525 | Snake:4  | Found Viwe Qum's Weapon Boutique.
 42588 | Snake:4  | Found Ranu's Retail Resort.
 42606 | Snake:4  | Noticed Bai Suzhen
 42609 | Snake:4  | Received a gift from Okawaru
 42635 | Snake:4  | Killed Bai Suzhen
 42677 | Snake:4  | Bought an amulet of regeneration for 570 gold pieces
 42818 | Snake:4  | Reached skill level 15 in Throwing
 42971 | Snake:4  | Got a serpentine rune of Zot
 43148 | Snake:4  | Found Qyerr's Book Shoppe.
 43148 | Snake:4  | Found Lania's Jewellery Shop.
 43149 | Snake:4  | Found Bimiy's Jewellery Shop.
 43658 | Vaults:1 | Entered Level 1 of the Vaults
 43685 | Vaults:1 | Reached XP level 19. HP: 170/184 MP: 27/27
 43925 | Vaults:1 | Received a gift from Okawaru
 44382 | Vaults:1 | Identified the scarf of Apathy {repulsion, rF- Int+5}
 45319 | D:10     | Killed olddryhag's ghost
 45472 | Elf:1    | Entered Level 1 of the Elven Halls
 45538 | Elf:1    | Paralysed by an air elemental for 1 turns
 45579 | Elf:1    | Received a gift from Okawaru
 45634 | Elf:1    | Reached skill level 15 in Armour
 46371 | Elf:1    | Paralysed by an air elemental for 1 turns
 46473 | Elf:2    | Paralysed by an air elemental for 1 turns
 46505 | Elf:2    | Received a gift from Okawaru
 46529 | Elf:2    | Reached skill level 10 in Dodging
 47293 | Elf:2    | Received a gift from Okawaru
 47302 | Elf:2    | Found a runed translucent gate.
 47305 | Elf:2    | Reached XP level 20. HP: 158/198 MP: 28/28
 47338 | Elf:2    | Found a runed translucent gate.
 47343 | Elf:2    | Found a runed translucent gate.
 47427 | Elf:3    | Entered Level 3 of the Elven Halls
 47462 | Elf:3    | Found Tog Til's Armour Shop.
 47515 | Elf:3    | Paralysed by an air elemental for 1 turns
 47640 | Abyss:3  | Cast into level 3 of the Abyss (a deep elf demonologist)
 47763 | Abyss:3  | Gained mutation: You have hidden genetic defects. [a
                  | cacodemon]
 47769 | Abyss:3  | Lost mutation: You have hidden genetic defects. [potion of
                  | mutation]
 47769 | Abyss:3  | Lost mutation: You are partially covered in large bone
                  | plates. (SH +4) [potion of mutation]
 47769 | Abyss:3  | Lost mutation: Your spells are a little harder to cast, but
                  | a little more powerful. [potion of mutation]
 47778 | Abyss:3  | Received a gift from Okawaru
 47828 | Abyss:3  | Gained mutation: Your magical capacity is low. (-10% MP) [a
                  | shining eye]
 47835 | Abyss:3  | Gained mutation: You are vulnerable to cold. (rC-) [a
                  | shining eye]
 47882 | Abyss:3  | Got an abyssal rune of Zot
 47929 | Elf:3    | Escaped the Abyss
 47948 | Elf:3    | Reached skill level 15 in Dodging
 47996 | Elf:3    | Received a gift from Okawaru
 48025 | Elf:3    | Identified the +1 glaive of Wyrd {venom, rN+ Stlth+}
 48107 | Elf:3    | Identified the +6 falchion "Waolaon" {flame, Contam rPois
                  | rF+}
 48114 | Elf:3    | Identified the +7 long sword of Agola {freeze, Will+}
 48136 | Elf:3    | Identified the ring of Muatai {Fire Fly rElec Dex+5}
 48141 | Elf:3    | Identified the +7 dagger "Rinesch" {protect, Str+4}
 48143 | Elf:3    | Identified the +7 short sword "Zomnuc" {freeze, rPois}
 48145 | Elf:3    | Identified the +0 morningstar of Conscience {drain, rCorr}
 48162 | Elf:3    | Identified the +3 rapier "Ynlon" {freeze, rC+}
 48824 | Vaults:2 | Found Xumnidwi's General Store.
 48856 | Vaults:2 | Found a crumbling gateway.
 48868 | Desolati | Entered the Desolation of Salt
 48970 | Desolati | Received a gift from Okawaru
 49114 | Desolati | Identified the +0 pair of gloves of Courage {Harm rC+}
 49123 | Desolati | Identified the orb of Dyfoh {guile, Dex+4 Stlth+}
 49230 | Desolati | Reached XP level 21. HP: 207/207 MP: 26/26
 49305 | Desolati | Identified the +8 hand cannon "Fecudexaorch" {antimagic,
                  | Str+5 Int-4 Stlth+}
 49307 | Desolati | Got a grimy book
 49315 | Desolati | Identified the +8 shortbow of the Inferno {flame, rElec rC-
                  | Str+6}
 49520 | Desolati | Got a rare book
 49547 | Desolati | Identified the ring of Totoosut {Will+ rCorr SInv Stlth+}
 49783 | Vaults:2 | Found a staircase to the Crypt.
 49984 | Vaults:2 | Received a gift from Okawaru
 50266 | Vaults:2 | Identified the +4 ice dragon scales of Ulurum {*Slow +Blink
                  | rF- rC++ rN+}
 50937 | Vaults:3 | Identified the +4 flail "Ycuybim" {antimagic, Dex+3}
 51128 | Vaults:3 | Received a gift from Okawaru
 51432 | Vaults:3 | Noticed Jory
 51450 | Vaults:3 | Killed Jory
 51778 | Vaults:3 | Received a gift from Okawaru
 52508 | Vaults:4 | Noticed Mara
 52519 | Vaults:4 | Noticed freelancePsychic's illusion
 52574 | Vaults:4 | Killed Mara
 52574 | Vaults:4 | Received a gift from Okawaru
 52688 | Vaults:4 | Reached XP level 22. HP: 198/214 MP: 26/26
 53415 | Depths:1 | Entered Level 1 of the Depths
 53504 | Depths:1 | Found a gateway to Hell.
 53853 | Depths:1 | Found a one-way gate leading to the halls of Pandemonium.
 54438 | Depths:1 | Received a gift from Okawaru
 54729 | Depths:2 | Found a one-way gateway to a ziggurat.
 54811 | Depths:2 | Identified the +0 robe of the Orcish Mines {Dex+4}
 54880 | Depths:2 | Identified the +0 longbow "Hydrabane" {heavy, rElec}
 54926 | Depths:2 | Received a gift from Okawaru
 55153 | Depths:2 | You are sucked into a shaft and drop 2 floors!
 55153 | Depths:4 | Entered Level 4 of the Depths
 55658 | Depths:2 | Received a gift from Okawaru
 56207 | Depths:3 | Paralysed by something for 3 turns
 56407 | Depths:3 | Reached XP level 23. HP: 209/218 MP: 27/27
 56598 | Depths:3 | Found a one-way gate to the infinite horrors of the Abyss.
 56680 | Depths:3 | Received a gift from Okawaru
 57198 | Depths:4 | Found a bloodstained altar of Trog.
 57288 | Depths:4 | Noticed a juggernaut
 57295 | Depths:4 | Killed a juggernaut
 57554 | Depths:4 | Received a gift from Okawaru
 57926 | Depths:4 | Found a transporter.
 58106 | Depths:4 | Found a gate to the Realm of Zot.
 58640 | Crypt:1  | Entered Level 1 of the Crypt
 58896 | Crypt:1  | Noticed a dread lich
 58902 | Crypt:1  | Killed a dread lich
 58903 | Crypt:1  | Reached skill level 1 in Shapeshifting
 59110 | Crypt:1  | Received a gift from Okawaru
 60008 | Crypt:2  | Received a gift from Okawaru
 60014 | Crypt:2  | Found an ancient bone altar of Kikubaaqudgha.
 60241 | Crypt:2  | Reached skill level 5 in Shapeshifting
 60277 | Crypt:2  | Noticed Sojobo
 60280 | Arena    | Entered the Arena
 60285 | Arena    | Paralysed by an air elemental for 1 turns
 60292 | Arena    | Killed Sojobo
 60550 | Crypt:2  | Found an ancient bone altar of Kikubaaqudgha.
 60759 | Crypt:2  | Reached XP level 24. HP: 231/231 MP: 29/29
 60890 | Crypt:3  | Entered Level 3 of the Crypt
 61172 | Crypt:3  | Identified the ring of Nougg {Fly rPois rC+ Int+3 Dex-4}
 61175 | Crypt:3  | Identified the staff of Blood {rPois rF+ Int+3 Dex+3 Stlth+
                  | Poison}
 61284 | Crypt:3  | Received a gift from Okawaru
 61456 | Crypt:3  | Found a staircase to the Tomb.
 61456 | Crypt:3  | Noticed an ancient lich
 61463 | Crypt:3  | Killed an ancient lich
 61925 | Crypt:3  | Found an ancient bone altar of Kikubaaqudgha.
 61927 | Crypt:3  | Noticed a dread lich
 61936 | Crypt:3  | Killed a dread lich
 61940 | Crypt:3  | Noticed an ancient lich
 61956 | Crypt:3  | Killed an ancient lich
 61957 | Crypt:3  | Noticed an ancient lich
 61971 | Crypt:3  | Killed an ancient lich
 62480 | Vaults:5 | Entered Level 5 of the Vaults
 62509 | Vaults:5 | Received a gift from Okawaru
 62553 | Vaults:5 | Reached skill level 10 in Shapeshifting
 62673 | Vaults:5 | Identified the +4 ring mail of Inevitability {Will+ rCorr}
 62738 | Vaults:5 | Identified the +0 robe of Happy Babbling {Int+4}
 62741 | Vaults:5 | Identified the staff of Misery {Fly rN+ Stlth+ Necro}
 63137 | Vaults:5 | Received a gift from Okawaru
 63203 | Vaults:5 | Identified the +7 fire dragon scales of Pessimism {rPois
                  | rF++ rC- Dex+2}
 63319 | Vaults:5 | Noticed a dread lich
 63368 | Vaults:5 | Killed a dread lich
 63604 | Vaults:5 | Reached XP level 25. HP: 237/238 MP: 29/29
 63622 | Vaults:5 | Identified the ring of the Unicorn {Ice MP+9}
 63648 | Vaults:5 | Received a gift from Okawaru
 63958 | Vaults:5 | Got a silver rune of Zot
 63959 | Vaults:5 | Identified the +0 ring mail of Yredelemnul's Favour
                  | {Rampage Drain Int+4}
 64834 | Slime:1  | Entered Level 1 of the Pits of Slime
 64886 | Slime:2  | Paralysed by a formless jellyfish for 1 turns
 64893 | Arena    | Entered the Arena
 65152 | Slime:5  | Entered Level 5 of the Pits of Slime
 65242 | Slime:5  | Gained mutation: Your muscles are very strong. (Str +8,
                  | Int/Dex -2) [a shining eye]
 65355 | Slime:5  | Noticed the Royal Jelly
 65473 | Slime:5  | Received a gift from Okawaru
 65569 | Slime:5  | Killed the Royal Jelly
 65722 | Slime:5  | Identified the +5 orcbow "Kuuf" {flame, Will+ Int+4 Dex+4}
 65724 | Slime:5  | Identified the +0 shadow dragon scales "Qumuiren" {Contam
                  | Drain rPois rF++ Stlth++++}
 65746 | Slime:5  | Identified the +0 scale mail of Jocwoopate {Contam rCorr
                  | Int+4}
 65770 | Slime:5  | Got a slimy rune of Zot
 65867 | Slime:5  | Identified the ring "Mois Hoan" {+Blink rF+ rC+ Int-2
                  | Slay+3}
 65881 | Slime:5  | Identified the +10 hand axe "Zalau" {flame, rN+}
 66101 | Slime:5  | Gained mutation: You are frail. (-10% HP) [a shining eye]
 66369 | D:8      | Upgraded the game from 0.31-a0-833-gc15d34cb79 to
                  | 0.31-a0-836-g3ceb0a68c4
 66762 | Zot:1    | Entered Level 1 of the Realm of Zot
 66785 | Depths:4 | Received a gift from Okawaru
 66950 | Zot:1    | Reached skill level 15 in Shapeshifting
 67196 | Zot:1    | Found a runed translucent door.
 67199 | Zot:1    | Noticed Deah Kuhairgh's ghost (legendary GnIE)
 68612 | Zot:3    | Received a gift from Okawaru
 68777 | Zot:3    | You are sucked into a shaft and drop 1 floor!
 68944 | Zot:4    | Found a corrupted altar of Lugonu.
 69332 | Zot:3    | Noticed Parghit
 69347 | Zot:3    | Killed Parghit
 69899 | Zot:4    | Acquired a manual of Shapeshifting
 70022 | Zot:4    | Identified the +4 whip of Wuoxt {freeze, +Blink Will+ rCorr
                  | Str-4}
 70158 | Zot:4    | Received a gift from Okawaru
 70167 | Zot:4    | Reached XP level 26. HP: 221/221 MP: 29/29
 70304 | Zot:5    | Entered Level 5 of the Realm of Zot
 71190 | Zot:5    | Noticed an ancient lich
 71196 | Zot:5    | Noticed an orb of fire
 71199 | Zot:5    | Killed an ancient lich
 71212 | Zot:5    | Killed an orb of fire
 71259 | Zot:5    | Noticed a dread lich
 71264 | Zot:5    | Killed a dread lich
 71264 | Zot:5    | Received a gift from Okawaru
 71268 | Zot:5    | Noticed an orb of fire
 71272 | Zot:5    | Noticed an orb of fire
 71279 | Zot:5    | Killed an orb of fire
 71294 | Zot:5    | Killed an orb of fire
 71492 | Zot:5    | Received a gift from Okawaru
 71575 | Zot:5    | Noticed an orb of fire
 71575 | Zot:5    | Noticed an orb of fire
 71575 | Zot:5    | Noticed a dread lich
 71577 | Zot:5    | Gained mutation: You are covered in fur. (AC +1) [an orb of
                  | fire]
 71577 | Zot:5    | Noticed an orb of fire
 71579 | Zot:5    | Gained mutation: You are very frail. (-20% HP) [an orb of
                  | fire]
 71580 | Zot:5    | Gained mutation: Your spells are a little easier to cast,
                  | but a little less powerful. [an orb of fire]
 71585 | Zot:5    | Noticed a dread lich
 71593 | Zot:5    | Gained mutation: Armour fits poorly on your strangely
                  | shaped body. [an orb of fire]
 71602 | Zot:5    | Gained mutation: You are clumsy. (Dex -2) [a cacodemon]
 71603 | Zot:5    | Killed an orb of fire
 71603 | Zot:5    | Killed a dread lich
 71608 | Zot:5    | Killed an orb of fire
 71608 | Zot:5    | Gained mutation: You sometimes lose your temper in combat.
                  | [an orb of fire]
 71610 | Zot:5    | Killed an orb of fire
 71616 | Zot:5    | Killed a dread lich
 71619 | Zot:5    | Received a gift from Okawaru
 71674 | Zot:5    | Noticed an ancient lich
 71686 | Zot:5    | Killed an ancient lich
 72080 | Zot:5    | Lost mutation: You sometimes lose your temper in combat.
                  | [potion of mutation]
 72080 | Zot:5    | Lost mutation: Your magical capacity is low. (-10% MP)
                  | [potion of mutation]
 72080 | Zot:5    | Lost mutation: You are very frail. (-20% HP) [potion of
                  | mutation]
 72081 | Zot:5    | Lost mutation: Your muscles are very strong. (Str +8,
                  | Int/Dex -2) [potion of mutation]
 72081 | Zot:5    | Lost mutation: You are clumsy. (Dex -2) [potion of
                  | mutation]
 72081 | Zot:5    | Lost mutation: Your spells are a little easier to cast, but
                  | a little less powerful. [potion of mutation]
 72081 | Zot:5    | Gained mutation: You possess an exceptional clarity of
                  | mind. [potion of mutation]
 72081 | Zot:5    | Gained mutation: You are very frail. (-20% HP) [potion of
                  | mutation]
 72082 | Zot:5    | Lost mutation: Your muscles are strong. (Str +4, Int/Dex
                  | -1) [potion of mutation]
 72082 | Zot:5    | Lost mutation: Your flesh is heat resistant. (rF+) [potion
                  | of mutation]
 72082 | Zot:5    | Gained mutation: Your body sometimes deteriorates upon
                  | taking damage. [potion of mutation]
 72083 | Zot:5    | Lost mutation: Your body sometimes deteriorates upon taking
                  | damage. [potion of mutation]
 72083 | Zot:5    | Lost mutation: You possess an exceptional clarity of mind.
                  | [potion of mutation]
 72083 | Zot:5    | Gained mutation: You are extremely frail. (-30% HP) [potion
                  | of mutation]
 72083 | Zot:5    | Lost mutation: You are covered in fur. (AC +1) [potion of
                  | mutation]
 72083 | Zot:5    | Gained mutation: You are agile. (Dex +4, Str/Int -1)
                  | [potion of mutation]
 72084 | Zot:5    | Lost mutation: You are extremely frail. (-30% HP) [potion
                  | of mutation]
 72084 | Zot:5    | Lost mutation: You are agile. (Dex +4, Str/Int -1) [potion
                  | of mutation]
 72084 | Zot:5    | Lost mutation: Armour fits poorly on your strangely shaped
                  | body. [potion of mutation]
 72084 | Zot:5    | Gained mutation: You occasionally lose the ability to drink
                  | potions when taking damage. [potion of mutation]
 72084 | Zot:5    | Gained mutation: Your mind is acute. (Int +4, Str/Dex -1)
                  | [potion of mutation]
 72084 | Zot:5    | Gained mutation: You are agile. (Dex +4, Str/Int -1)
                  | [potion of mutation]
 72084 | Zot:5    | Gained mutation: Your flesh is heat resistant. (rF+)
                  | [potion of mutation]
 72085 | Zot:5    | Lost mutation: You are vulnerable to cold. (rC-) [potion of
                  | mutation]
 72085 | Zot:5    | Lost mutation: You have sharp toenails. [potion of
                  | mutation]
 72085 | Zot:5    | Gained mutation: Your muscles are strong. (Str +4, Int/Dex
                  | -1) [potion of mutation]
 72086 | Zot:5    | Got the Orb of Zot
 72387 | Depths:3 | Noticed a seraph
 72511 | D:15     | Noticed Eqaurer the pandemonium lord
 72526 | D:15     | Killed Eqaurer the pandemonium lord
 72527 | D:15     | Reached XP level 27. HP: 188/203 MP: 26/32
 72833 | D:$      | Escaped with the Orb!

Illustrated notes

Levels and vault maps discovered:
D:1:      spicycebolla_arrival_transporter_tutorial, layout_loops_ring,
          minmay_pentomino_s2
D:2:      layout_basic, minmay_fractal_squares_gapless_5, uniq_natasha,
          uniq_sigmund
D:3:      layout_loops_ring, minmay_misc_feat_nine_boxes, minmay_misc_feat_tiny
D:4:      layout_loops_ring, amcnicky_altar_gilded, kennysheep_donut
D:5:      layout_loops_corners, mainiacjoe_overflow_chevrons,
          nzn_wu_jian_contemplation, minmay_shop_mass, kb_lookout_dungeons_type
D:6:      layout_layer_cave, chequers_temple_overflow_statue_of_worship
D:7:      layout_rooms, minmay_temple_entry_offerings,
          gammafunk_ghost_necromancy
D:8:      layout_basic, marbit_many_paths, lair_entry_dummy, nzn_random_ring,
          uniq_grum
D:9:      layout_rooms, nemelex_xobeh_ov_fountains_minmay,
          nzn_hepliaklqana_mist_gate, orc_david_3, enter_bailey_3, minmay_puff,
          uniq_maggie
D:10:     layout_grid_maze, muffindrake_ghost_dual_entry, hex_tiny
D:11:     layout_basic, portal_ice_cave_entry_ice_simulacra, minivault_10,
          minmay_pinched_square
D:12:     layout_grid_maze, zin_purify
D:13:     layout_basic, david_vaults_2
D:14:     layout_basic, hangedman_decor_cross_pass, kennysheep_another_room,
          uniq_louise
D:15:     hangedman_depths_entry_civil_slaughter, layout_loops_ring,
          grunt_dithmenos_smoke_and_mirrors, nrook_pool_corridor
Lair:1:   layout_chaotic_city, enter_volcano_2, serial_bayou_shore_a,
          lemuel_fruit_tree
Lair:2:   statuecave_lemuel, layout_misc_corridors, swamp_mist_pool,
          minmay_snake_entry_guardpost_small, serial_rivers,
          chequers_serial_rivers_small_a, chequers_serial_rivers_large_a,
          chequers_serial_rivers_large_b, chequers_serial_rivers_small_3,
          uniq_nergalle, uniq_sonja
Lair:3:   layout_long_grid, st_stairs_11
Lair:4:   layout_loops_ring
Lair:5:   wormcave, layout_long_grid, hangedman_lair_tendril_chambers,
          dpeg_slime_entry_corner, amcnicky_mini_pool_medium
Swamp:1:  nicolae_swamp_secret_spriggan_hideout, layout_basic_swamp,
          hangedman_swamp_lotus, nicolae_swamp_wisp_ring_woods
Swamp:2:  layout_basic_swamp, evilmike_swamp_ruin_house_5, swamp_pool1,
          grunt_hermit_hut, uniq_nikola
Swamp:3:  layout_basic_swamp, nicolae_swamp_long_stream, uniq_roxanne
Swamp:4:  byrel_swamp_growth_death_and_undeath, layout_basic_swamp,
          infiniplex_staircase_pool
Snake:1:  layout_cave_pods, uniq_donald, uniq_aizul
Snake:2:  gammafunk_sealed_arena, layout_misc_corridors, lightli_airlock,
          uniq_vashnia
Snake:3:  layout_misc_corridors, drop_trap, grunt_megastairs_5, uniq_saint_roka,
          uniq_asterion
Snake:4:  johnstein_snake_rune_scales, layout_chambers, serial_shops,
          nicolae_shop_drivethru, nicolae_alphabet_shops, grunt_ministairs_6,
          nicolae_snake_gridmaze_zigzag, minmay_shop_grove, uniq_bai_suzhen
Slime:1:  layout_caves, cheibrodos_slime_lost_civilization_4
Slime:2:  layout_caves
Slime:3:  cheibrodos_slime_lost_civilization_9, layout_caves,
          cheibrodos_slime_lost_civilization_7
Slime:4:  layout_caves, nicolae_slime_phagocytosis
Slime:5:  slime_pit_nicolae_amoeboid
Orc:1:    layout_caves, uniq_fannar
Orc:2:    grunt_orc_gardens, layout_caves, grunt_orc_garden, grunt_orc_garden,
          grunt_orc_garden, grunt_orc_garden, bh_open_orc_temple
Elf:1:    kennysheep_six_static_rooms, layout_geoelf_grid,
          hangedman_elf_represent, lemuel_upstairs_altar
Elf:2:    nicolae_elf_blades_splatter_lattice
          [nicolae_vaults_blade_armed_guards], layout_gridlike,
          nicolae_elf_blasts_and_bolts
Elf:3:    minmay_elf_hall_statues, layout_rooms, serial_shops, shop
Vaults:1: v_misc_8, hangedman_vaults_restitches, nicolae_vaults_sealed_display,
          ontoclasm_vaults_hangar, nicolae_vaults_shelves_hall,
          nicolae_vaults_wine_cellar, nicolae_vaults_diamond_1,
          nicolae_vaults_house_3, v_misc_26, layout_vaults_omnigrid
Vaults:2: portal_desolation_entry_twin_temple, nicolae_vaults_minivaults,
          nicolae_vaults_storage_room_doors, v_rooms_3,
          nicolae_vaults_apartment_1, minmay_crypt_entry_vampire_xt,
          ontoclasm_vaults_ring_small, nicolae_vaults_closet_pinwheel_1,
          nicolae_vaults_house_1, nicolae_vaults_little_ls,
          vaults_dpeg_diagonal, nicolae_vaults_apartment_1,
          ontoclasm_vaults_gateway, dpeg_vaults_monster_box,
          vaults_dpeg_encased_lava, layout_vaults_omnibox, serial_shops,
          nicolae_shop_tiny_real_fake_doors
Vaults:3: nicolae_vaults_yaktaur_gun_rack, grunt_vaults_hallway_long,
          nicolae_vaults_house_3, nicolae_vaults_shipping_containers_7,
          vaults_room_grid, nicolae_vaults_network_barrier,
          nicolae_vaults_trapezoid_2, v_alt_pattern_2, vaults_mumra_hex,
          nicolae_vaults_tetromino_T_1, layout_vaults_big_room, uniq_jory,
          uniq_margery
Vaults:4: nicolae_vaults_house_2, v_misc_10, nicolae_vaults_triangles,
          v_misc_26, nicolae_vaults_closet_pinwheel_6,
          ontoclasm_vaults_ring_large, nicolae_vaults_door_testing_chamber,
          nicolae_vaults_offset_grid_hallway_1, v_misc_17,
          nicolae_vaults_little_squares_2, vaults_room_pools,
          hangedman_vaults_capsules, nicolae_vaults_theta, layout_vaults_ring,
          uniq_mara
Vaults:5
Crypt:1:  nicolae_crypt_knochenhaus, layout_gridlike, st_stairs_5,
          grunt_megastairs_1
Crypt:2:  layout_basic, basic_altar, weyrava_vampire_temple, uniq_sojobo
Crypt:3:  quadcrypt_mu
Depths:1: layout_gridville, hangedman_decor_growths, pf_coc_iceberg,
          rand_demon_pan_entry_9, minmay_misc_feat_square, grunt_ministairs_3,
          hangedman_devilish_allure, grunt_megastairs_3
Depths:2: minmay_imperfect_grid, layout_basic, enter_ziggurat_b,
          minmay_misc_feat_chi, hell_entry, rand_demon_pan_entry_7,
          beargit_elvish_explorers, minmay_staircase_statues
Depths:3: minmay_inside_and_out, layout_gridville,
          nicolae_abyss_entry_one_way_or_another, pf_hell_entry_tar_river,
          nicolae_sextant, uniq_grunn
Depths:4: evilmike_zot_entry_hall, layout_cave_pools, abyss_entry_crystal,
          hell_entry, trog_three_pillars_becter, nicolae_diode_basic,
          serial_bayou_shore_b
Zot:1:    layout_misc_corridors, ebering_ghost_reflecting_pool,
          grunt_ministairs_12
Zot:2:    layout_basic
Zot:3:    layout_concentric_octagons, uniq_parghit
Zot:4:    layout_onion, amcnicky_altar_lugonu_corruption
Zot:5:    layout_concentric_octagons

Skill      XL: |  1  2  3  4  5  6  7  8  9 10 11 12 13 14 15 16 17 18 19 20 21 22 23 24 25 26 |
---------------+-------------------------------------------------------------------------------+-----
Fighting       | 1 2 3 4 5 6 8 9 10 12 13 15 17 19 21 22 | 22.0
Stealth        | 2 |  2.1
Axes           | 1 2 3 4 5 7 9 11 13 14 16 18 20 23 24 | 24.0
Throwing       | 1 2 3 4 5 6 8 11 13 15 16 18 | 18.3
Invocations    | 1 3 5 6 8 11 12 14 | 14.0
Armour         | 3 4 7 9 11 12 14 15 17 19 22 | 22.0
Dodging        | 3 5 6 11 16 20 22 | 22.0
Evocations     | 1 3 |  3.5
Shapeshifting  | 5 12 17 21 | 21.4
Spellcasting   | |  1.3
Conjurations   | |  2.9

Action                     |  1- 3 |  4- 6 |  7- 9 | 10-12 | 13-15 | 16-18 | 19-21 | 22-24 | 25-27 || total
---------------------------+-------+-------+-------+-------+-------+-------+-------+-------+-------++-------
  Melee: Unarmed           |    37 |       |       |       |       |       |       |       |       ||    37
         Headbutt          |    10 |    14 |    27 |    96 |   237 |   259 |   307 |   594 |   252 ||  1796
         Punch             |     1 |       |     4 |     4 |       |       |       |       |       ||     9
         War axe           |    29 |   112 |   182 |   452 |    22 |       |       |       |       ||   797
         Trident           |     1 |       |       |       |       |       |       |       |       ||     1
         Kick              |       |       |     6 |   148 |    64 |       |       |       |       ||   218
         Battleaxe         |       |       |       |       |   536 |       |       |       |       ||   536
         Broad axe         |       |       |       |       |     2 |       |       |       |       ||     2
         Executioner's axe |       |       |       |       |   452 |  1098 |  1209 |  1769 |   744 ||  5272
  Throw: Dart              |     2 |    44 |    31 |    16 |     9 |       |       |       |       ||   102
         Javelin           |     4 |     4 |       |    27 |     4 |    12 |    12 |    17 |    38 ||   118
         Boomerang         |     5 |     9 |     4 |    67 |   101 |   167 |   136 |    59 |   179 ||   727
         Throwing net      |       |       |       |     1 |       |       |       |       |       ||     1
   Cast: Magic Dart        |    21 |       |       |       |       |       |       |       |       ||    21
 Invoke: Heroism           |       |       |     3 |    16 |     8 |     9 |     7 |     4 |     7 ||    54
         Finesse           |       |       |       |     3 |     2 |     2 |     4 |     1 |     5 ||    17
         Duel              |       |       |       |       |     1 |     1 |       |     1 |     1 ||     4
         Receive Weapon    |       |       |       |       |     1 |       |       |       |       ||     1
         Receive Armour    |       |       |       |       |     1 |       |       |       |       ||     1
  Evoke: Wand              |       |       |     3 |     5 |    11 |     3 |     6 |       |       ||    28
         Phial of floods   |       |       |       |       |     1 |     1 |       |       |       ||     2
         Tin of tremorston |       |       |       |       |       |     2 |       |       |       ||     2
    Use: Scroll            |     5 |     1 |     5 |    14 |    14 |     9 |     9 |     9 |    12 ||    78
         Potion            |       |       |     2 |     5 |     8 |     7 |    11 |     3 |    22 ||    58
   Stab: Sleeping          |     1 |     2 |     1 |     2 |       |       |       |       |       ||     6
         Distracted        |       |       |       |     1 |       |     1 |       |     2 |       ||     4
         Invisible         |       |       |       |       |       |       |     6 |    11 |       ||    17
 Armour: Robe              |    34 |    26 |       |       |       |       |       |       |       ||    60
         Ring mail         |       |    60 |    55 |       |       |       |       |       |       ||   115
         Steam dragon scal |       |       |    57 |   135 |       |       |       |       |       ||   192
         Plate armour      |       |       |       |    98 |       |       |       |       |       ||    98
         Acid dragon scale |       |       |       |    15 |       |       |       |       |       ||    15
         Crystal plate arm |       |       |       |   130 |   996 |   848 |   734 |   940 |   552 ||  4200
  Dodge: Dodged            |    34 |    60 |    87 |   231 |   262 |   274 |   389 |   768 |   413 ||  2518
  Block: Other             |       |       |     5 |    72 |   153 |   109 |    41 |       |       ||   380

Table legend: (Time is in decaauts)
 A = Elapsed time spent in this place.
 B = Non-inter-level travel time spent in this place.
 C = Inter-level travel time spent in this place.
 D = Time resting spent in this place.
 E = Time spent auto-exploring this place.
 F = Levels seen in this place.
 G = Mean time per level.
                   A        B        C        D        E       F      G
               +--------+--------+--------+--------+--------+-----+--------+
         Total |  69761 |  63328 |   6433 |   3774 |  48201 |  65 | 1073.2 |
       Dungeon |  20840 |  17942 |   2898 |    665 |  14675 |  15 | 1389.3 |
          Lair |   7329 |   6639 |    690 |    403 |   4874 |   5 | 1465.8 |
         Swamp |   4465 |   4221 |    244 |    637 |   2992 |   4 | 1116.2 |
     Snake Pit |   6807 |   6258 |    549 |    560 |   4902 |   4 | 1701.8 |
    Slime Pits |   1262 |   1112 |    150 |    200 |    629 |   5 |  252.4 |
  Orcish Mines |   1641 |   1557 |     84 |    520 |    760 |   2 |  820.5 |
   Elven Halls |   2624 |   2519 |    105 |      0 |   1945 |   3 |  874.7 |
        Vaults |   6916 |   6261 |    655 |      5 |   4976 |   5 | 1383.2 |
         Crypt |   3398 |   3329 |     69 |      8 |   2621 |   3 | 1132.7 |
        Depths |   5102 |   4493 |    609 |     51 |   3632 |   4 | 1275.5 |
           Zot |   5088 |   4712 |    376 |    234 |   3716 |   5 | 1017.6 |
         Abyss |    557 |    557 |      0 |      3 |    253 |   2 |  278.5 |
        Bailey |   1374 |   1374 |      0 |    229 |    926 |   1 | 1374.0 |
      Ice Cave |   1158 |   1158 |      0 |    170 |    661 |   1 | 1158.0 |
       Volcano |    472 |    472 |      0 |     67 |    269 |   1 |  472.0 |
    Desolation |    659 |    659 |      0 |      0 |    368 |   1 |  659.0 |
         Arena |     61 |     61 |      0 |     20 |      0 |   4 |   15.2 |
               +--------+--------+--------+--------+--------+-----+--------+

Top non-repeatable levels by time:
  Lair:5: 2284 daAuts
 Snake:4: 2162 daAuts
     D:8: 2064 daAuts
 Snake:2: 2005 daAuts
  Lair:2: 1778 daAuts
    D:13: 1686 daAuts
Vaults:5: 1602 daAuts
Vaults:1: 1567 daAuts
   Zot:5: 1563 daAuts
     D:2: 1562 daAuts
    D:15: 1491 daAuts
 Snake:1: 1483 daAuts
    D:10: 1462 daAuts
    D:12: 1462 daAuts
     D:6: 1461 daAuts
